 Dungeon Crawl Stone Soup version 0.31-a0-187-gba352fbbf7 (webtiles) character file.

Game seed: 8405332969353161360

76 qw the Shooter (level 4, -1/25 HPs)
             Began as a Deep Elf Hunter on June 22, 2023.
             Slain by an orc
             ... wielding a +0 flail
              (3 damage)
             ... on level 3 of the Dungeon.
             The game lasted 00:00:30 (1555 turns).

qw the Shooter (Deep Elf Hunter)                    Turns: 1555, Time: 00:00:30

Health: -1/25      AC:  5    Str: 10    XL:     4   Next: 12%
Magic:  6/6        EV: 12    Int: 14    God:
Gold:   67         SH:  0    Dex: 18    Spells: 3/3 levels left

rFire   . . .        Y - +0 shortbow
rCold   . . .        (shield currently unavailable)
rNeg    . . .        h - +2 leather armour {rPois}
rPois   +            (no helmet)
rElec   .            (no cloak)
rCorr   .            (no gloves)
SInv    .            (no boots)
Will    .....        (no amulet)
Stlth   ++           (no ring)
HPRegen 0.24/turn    (no ring)
MPRegen 0.10/turn

%: no passive effects
@: no status effects
A: no striking features
a: no special abilities


You were on level 3 of the Dungeon.
You visited 1 branch of the dungeon, and saw 3 of its levels.

You collected 67 gold pieces.


   Skills:
 - Level 1.5 Fighting
 + Level 7.5 Ranged Weapons
 - Level 2.4 Dodging
 - Level 1.2 Stealth


You had 3 spell levels left.
You didn't know any spells.
Your spell library was empty.

Inventory:

Hand Weapons
 Y - a +0 shortbow (weapon)
Armour
 g - a +0 ring mail
 h - a +2 leather armour of poison resistance (worn)
Jewellery
 b - the amulet of Sifriorph {Faith rN+++ Will+ Str-5}
   (You found it on level 3 of the Dungeon)

   [amulet of faith]

   It allows you to gain divine favour quickly.
   Str:       It affects your strength (-5).
   rN:        It renders you almost immune to negative energy.
   Will:      It increases your willpower.
Scrolls
 a - a scroll of enchant armour
Potions
 d - a potion of curing {unknown}
 e - a potion of heal wounds
 f - a potion of enlightenment {unknown}

Dungeon Overview and Level Annotations

Branches:
Dungeon (3/15)

Altars:

Annotations:
D:2 1 runed translucent door, Crazy Yiuf


Message History

The orc shouts!
You hear a shout!
The orc wizard barely misses you. The orc hits you with a +0 flail.
The orc wizard points at you and mumbles some strange words.
The puff of flame hits you. The orc hits you with a +0 flail!
1540 ||| DRINKING 2 potions of heal wounds.
You feel much better.
The orc wizard gestures at you while chanting.
The puff of flame misses you. The orc barely misses you.
The orc wizard casts a spell at you.
You are more confused.
The orc hits you with a +0 flail.
The orc wizard hits you with a +0 dagger.
The orc barely misses you.
The orc wizard hits you with a +0 dagger.
The orc misses you. The orc wizard closely misses you.
The orc barely misses you. The orc wizard casts a spell at you.
You are more confused.
The orc closely misses you. The orc wizard misses you.
The orc hits you with a +0 flail.
The orc wizard hits you but does no damage.
The orc barely misses you.
The orc wizard hits you but does no damage.
The orc closely misses you. The orc wizard barely misses you.
The orc hits you with a +0 flail. The orc wizard barely misses you.
The orc completely misses you.
The orc wizard hits you but does no damage.
The orc misses you. The orc wizard misses you. The orc closely misses you.
You feel less confused.
The orc wizard hits you with a +0 dagger.
The orc misses you.
You shoot an arrow. The arrow barely misses the orc wizard.
The orc wizard hits you but does no damage.
The orc hits you with a +0 flail.
You shoot an arrow.
The arrow closely misses the orc wizard.
The orc wizard casts a spell at you. The magic dart hits you.
The orc hits you with a +0 flail.
You die...

#.##.........# #.#
#.#.>.######.####.###
#........(..........#
###...##.##.#######.#
##.###.##.# #.# #.#
#.##.# #.#
#.###.##.#### #.#
##.<.........# #.#
#.......o@..##.# #.#
########o#####.# #.#
#o# #.# #.# #o #.#
#.# #. #.# #.# .) #.#
#.# #. #.# #.# #.
###.####.# #.....##.#


You could see an orc wizard and 3 orcs.

Vanquished Creatures
  Jessica (D:2)
  An adder (D:3)
  A worm (D:2)
  2 dart slugs
  An orc (D:3)
  2 ball pythons
  2 endoplasms
  2 hobgoblins
  4 jackals (D:2)
  3 quokkas (D:1)
  4 bats
  2 frilled lizards
  4 kobolds (D:1)
  5 rats
34 creatures vanquished.

Notes
Turn   | Place    | Note
-------+----------+-------------------------------------------
     0 | D:1      | qw the Deep Elf Hunter began the quest for the Orb.
     0 | D:1      | Reached XP level 1. HP: 12/12 MP: 3/3
     0 | D:1      | 0 ||| qw: Version: 0.3-a-9-g12657ce
     0 | D:1      | 0 ||| qw: Game counter: 2513
     0 | D:1      | 0 ||| qw: Always use a shield: true
     0 | D:1      | 0 ||| qw: God list: Okawaru
     0 | D:1      | 0 ||| qw: Allow faded altars: false
     0 | D:1      | 0 ||| qw: Do Orc after D:15 true
     0 | D:1      | 0 ||| qw: Do second Lair branch before Depths: true
     0 | D:1      | 0 ||| qw: Lair rune preference: random
     0 | D:1      | 0 ||| qw: Plans: Normal
     0 | D:1      | 0 ||| PLANNING D:1-11
   160 | D:1      | Found a faded altar of an unknown god.
   203 | D:1      | Reached XP level 2. HP: 16/16 MP: 4/4
   204 | D:1      | Reached skill level 6 in Ranged Weapons
   522 | D:1      | 522 ||| UPGRADING to +2 leather armour of poison
                  | resistance.
   532 | D:1      | 532 ||| DROPPING +0 leather armour.
   533 | D:1      | 533 ||| READING 2 scrolls labelled UQOUFF HUUH.
   534 | D:1      | 534 ||| READING scroll labelled QUKHLUXTOPH.
   539 | D:1      | 539 ||| DRINKING 2 sapphire potions.
   540 | D:1      | 540 ||| DROPPING scroll of butterflies.
   896 | D:2      | HP: 4/16 [worm (1)]
   897 | D:2      | 897 ||| DRINKING 3 potions of heal wounds.
   932 | D:2      | Reached XP level 3. HP: 20/20 MP: 5/5
  1007 | D:2      | Noticed Jessica
  1012 | D:2      | Killed Jessica
  1013 | D:2      | Reached skill level 7 in Ranged Weapons
  1053 | D:2      | Found a runed translucent door.
  1054 | D:2      | Noticed Crazy Yiuf
  1379 | D:2      | 1379 ||| DROPPING +0 scale mail.
  1380 | D:2      | 1380 ||| READING scroll labelled RIHAIST LAMAPS.
  1381 | D:2      | 1381 ||| READING scroll labelled SEBLYO URUIR.
  1428 | D:3      | Identified the amulet of Sifriorph {Faith rN+++ Will+
                  | Str-5}
  1455 | D:3      | Reached XP level 4. HP: 25/25 MP: 6/6
  1539 | D:3      | HP: 1/25 [orc/+0 flail (9)]
  1540 | D:3      | 1540 ||| DRINKING 2 potions of heal wounds.
  1555 | D:3      | HP: 2/25 [orc wizard/magic dart (5)]
  1555 | D:3      | Slain by an orc

Levels and vault maps discovered:
D:1:      minmay_arrival_three_doors, layout_basic,
          shapermc_ecumenical_altar_rom_forum, serial_park_tiny_2,
          kennysheep_minor_cross
D:2:      layout_loops_cross, uniq_crazy_yiuf_cottage, uniq_jessica
D:3:      layout_loops_ring

Skill      XL: |  1  2  3 |
---------------+----------+-----
Ranged Weapons | 6 7 |  7.5
Fighting       | |  1.5
Dodging        | |  2.4
Stealth        | |  1.2

Action                     |  1- 3 |  4- 6 || total
---------------------------+-------+-------++-------
   Fire: Shortbow          |    91 |    15 ||   106
    Use: Scroll            |     4 |       ||     4
         Potion            |     2 |     1 ||     3
 Armour: Leather armour    |    19 |     4 ||    23
  Dodge: Dodged            |    37 |    20 ||    57

Table legend:
 A = Non-vault XP
 B = Vault XP
 C = Vault XP percentage of total XP
 D = Non-vault monster count
 E = Vault monster count
 F = Vault count percentage of total count
                 A         B        C        D         E       F
            +---------+---------+-------+---------+---------+-------
      Total |      72 |      37 |  33.9 |      33 |       1 |   2.9
            +---------+---------+-------+---------+---------+-------
        D:1 |      18 |       0 |   0.0 |      12 |       0 |   0.0
        D:2 |      29 |      37 |  56.1 |      14 |       1 |   6.7
        D:3 |      25 |       0 |   0.0 |       7 |       0 |   0.0
            +---------+---------+-------+---------+---------+-------
